 Dungeon Crawl Stone Soup version 0.29-a0-823-gc37b1572da (webtiles) character file.

Game seed: 1853044401911691407

449 wilfster70 the Sneak (level 7, -1/52 HPs)
             Began as a Gnoll Wanderer on July 6, 2022.
             Slain by an iguana (8 damage)
             ... on level 4 of the Dungeon on July 8, 2022.
             The game lasted 00:12:15 (3871 turns).

wilfster70 the Sneak (Gnoll Wanderer)               Turns: 3871, Time: 00:12:15

Health: -1/52      AC:  6    Str: 12    XL:     7   Next: 4%
Magic:  6/12       EV: 12    Int: 17    God:
Gold:   102        SH:  0    Dex: 10    Spells: 12/13 levels left

rFire   . . .      SeeInvis .   a - +3 short sword (flame)
rCold   . . .      Faith    .   (no shield)
rNeg    . . .      Spirit   .   d - +0 robe
rPois   .          Reflect  .   j - +1 helmet "Fozxud" {Drain Will+ rCorr Int+3}
rElec   .          Harm     .   k - +1 cloak
rCorr   +          Rampage  .   (no gloves)
Will    +....                   (no boots)
Stlth   +++.......              c - amulet of regeneration
HPRegen 0.97/turn               (no ring)
MPRegen 0.13/turn               (no ring)

@: mighty
A: fangs 1, strong nose, distributed training
a: no special abilities


You were on level 4 of the Dungeon.
You visited 1 branch of the dungeon, and saw 4 of its levels.
You also visited: Sewer.

You collected 199 gold pieces.
You spent 97 gold pieces at shops.

Inventory:

Hand Weapons
 a - a +3 short sword of flaming (weapon)
 b - a +0 sling
Armour
 d - a +0 robe (worn)
 j - the +1 helmet "Fozxud" (worn) {Drain Will+ rCorr Int+3}
   (You acquired it on level 2 of the Dungeon)

   Int:       It affects your intelligence (+3).
   rCorr:     It protects you from acid and corrosion.
   Drain:     It drains your maximum health when unequipped.
   Will:      It increases your willpower.
 k - a +1 cloak (worn)
Jewellery
 c - an amulet of regeneration (around neck)
Scrolls
 f - a scroll of brand weapon
 h - a scroll of poison
 i - a scroll of fog
 l - a scroll of vulnerability {unknown}
 r - a scroll of identify
Potions
 e - 3 potions of might
 g - a potion of magic


   Skills:
 + Level 3.5 Fighting
 + Level 3.5 Short Blades
 + Level 2.3 Long Blades
 + Level 2.3 Axes
 + Level 2.3 Maces & Flails
 + Level 2.3 Polearms
 + Level 2.3 Staves
 + Level 2.3 Ranged Weapons
 + Level 3.5 Throwing
 + Level 2.3 Armour
 + Level 3.5 Dodging
 + Level 4.8 Stealth
 + Level 2.3 Shields
 + Level 2.3 Unarmed Combat
 + Level 3.7 Spellcasting
 + Level 1.9 Conjurations
 + Level 1.9 Hexes
 + Level 1.9 Summonings
 + Level 1.9 Necromancy
 + Level 1.9 Translocations
 + Level 1.9 Transmutations
 + Level 1.9 Fire Magic
 + Level 1.9 Ice Magic
 + Level 4.2 Air Magic
 + Level 1.9 Earth Magic
 + Level 1.9 Poison Magic
 + Level 3.7 Invocations
 + Level 2.3 Evocations


You had 12 spell levels left.
You knew the following spells:

 Your Spells              Type           Power      Damage    Failure   Level
a - Shock                 Conj/Air       52%        1d6       4%          1

Your spell library contained the following spells:

 Spells                   Type           Power      Damage    Failure   Level
 Static Discharge         Conj/Air       13%        3-5/arc   7%          2
 Sublimation of Blood     Necr           9%         N/A       11%         2
 Lesser Beckoning         Tloc           9%         N/A       22%         3
 Corpse Rot               Necr/Pois/Air  12%        N/A       47%         4
 Passage of Golubria      Tloc           9%         N/A       58%         4
 Petrify                  Tmut/Erth      9%         N/A       58%         4
 Irradiate                Conj/Tmut      4%         3d14      90%         5
 Dispersal                Tloc           4%         N/A       100%        6
 Haunt                    Necr/Summ      4%         N/A       100%        7


Dungeon Overview and Level Annotations

Branches:
Dungeon (4/15)              Sewer (visited)
 Temple: D:4-7

Altars:
Dithmenos
Kikubaaqudgha

Shops:
D:4 ?


Innate Abilities, Weirdness & Mutations

You have very sharp teeth.
Your uncanny sense of smell can sniff out nearby items.
Your experience applies equally to all skills.


Message History

The zap misses the iguana.
The iguana bites you!
Casting: Shock (safe; 4% risk of failure)
Confirm with . or Enter, or press ? or * to list all spells.
Aiming: Shock (safe; 4% risk of failure)
Press: ? - help, Shift-Dir - straight line, f/p - iguana
Aim: an iguana (lightly wounded, 72% to hit)
The zap hits the iguana.
The iguana is moderately wounded.
The iguana barely misses you.
Casting: Shock (safe; 4% risk of failure)
Confirm with . or Enter, or press ? or * to list all spells.
Aiming: Shock (safe; 4% risk of failure)
Press: ? - help, Shift-Dir - straight line, f/p - iguana
Aim: an iguana (moderately wounded, 72% to hit)
The zap misses the iguana.
The iguana bites you!
Casting: Shock (safe; 4% risk of failure)
Confirm with . or Enter, or press ? or * to list all spells.
Aiming: Shock (safe; 4% risk of failure)
Press: ? - help, Shift-Dir - straight line, f/p - iguana
Aim: an iguana (moderately wounded, 72% to hit)
The zap hits the iguana.
The iguana is heavily wounded.
The iguana bites you.
* * * LOW HITPOINT WARNING * * *
Your +3 short sword of flaming bursts into flame!
a - a +3 short sword of flaming (weapon)
You hit the iguana. You burn the iguana.
The iguana is severely wounded.
The iguana barely misses you.
You hit the iguana but do no damage.
The iguana is severely wounded.
The iguana bites you!
* * * LOW HITPOINT WARNING * * *
You hit the iguana but do no damage.
The iguana is severely wounded.
The iguana bites you.
* * * LOW HITPOINT WARNING * * *
You feel very mighty all of a sudden. The iguana bites you!
You die...

## .. ### #. ..# #.
#.# #. #.#### #.
#.##.##
#.###.#...##########
................@l.#
##.####...########.#
#.# ##.## #.# #.#
#.# #.# ##.# #.#
#.####### ...# #+#
#........ ...#
#.######. #### #.. #
#..#


You could see an iguana.

Vanquished Creatures
  Sigmund (D:3)
  Pargi (D:3)
  A scorpion (D:3)
  An orc wizard (D:4)
  Robin (D:3)
  3 adders
  A worm (D:2)
  A dart slug (D:3)
  5 orcs
  4 ball pythons
  4 endoplasms
  5 giant cockroaches
  10 goblins
  8 hobgoblins
  3 quokkas
  4 bats
  2 frilled lizards (Sewer)
  9 kobolds
  6 rats
70 creatures vanquished.

Notes
Turn   | Place    | Note
-------+----------+-------------------------------------------
     0 | D:1      | wilfster70 the Gnoll Wanderer began the quest for the Orb.
     0 | D:1      | wilfster70 set off with the following items: a +0 short
                  | sword, a +0 cloak, a potion of attraction, a +0 robe; and
                  | the following spell memorised: Shock; and the following
                  | spells available to memorise: Static Discharge, Corpse Rot.
     0 | D:1      | Reached XP level 1. HP: 17/17 MP: 4/4
    38 | D:1      | Upgraded the game from 0.29-a0-819-g94b489e0ae to
                  | 0.29-a0-823-gc37b1572da
   205 | D:1      | Reached XP level 2. HP: 23/23 MP: 2/5
  1194 | D:2      | Reached XP level 3. HP: 26/28 MP: 0/7
  1489 | D:2      | Found an ancient bone altar of Kikubaaqudgha.
  1570 | D:2      | Identified a scroll of acquirement
  1570 | D:2      | Acquired the +1 helmet "Fozxud" {Drain Will+ rCorr Int+3}
  1722 | D:2      | Reached skill level 1 in Long Blades
  1722 | D:2      | Reached skill level 1 in Axes
  1722 | D:2      | Reached skill level 1 in Maces & Flails
  1722 | D:2      | Reached skill level 1 in Polearms
  1722 | D:2      | Reached skill level 1 in Staves
  1722 | D:2      | Reached skill level 1 in Ranged Weapons
  1722 | D:2      | Reached skill level 1 in Armour
  1722 | D:2      | Reached skill level 1 in Shields
  1722 | D:2      | Reached skill level 1 in Unarmed Combat
  1722 | D:2      | Reached skill level 1 in Evocations
  2044 | D:3      | Found a glowing drain.
  2079 | Sewer    | Entered a sewer
  2183 | Sewer    | Reached XP level 4. HP: 34/34 MP: 5/8
  2232 | Sewer    | Got Sif Muna's Quarto of the Macabre Traveller
  2270 | Sewer    | Noticed Pargi
  2394 | D:3      | Killed Pargi
  2395 | D:3      | Reached skill level 1 in Conjurations
  2395 | D:3      | Reached skill level 1 in Hexes
  2395 | D:3      | Reached skill level 1 in Summonings
  2395 | D:3      | Reached skill level 1 in Necromancy
  2395 | D:3      | Reached skill level 1 in Translocations
  2395 | D:3      | Reached skill level 1 in Transmutations
  2395 | D:3      | Reached skill level 1 in Fire Magic
  2395 | D:3      | Reached skill level 1 in Ice Magic
  2395 | D:3      | Reached skill level 1 in Earth Magic
  2395 | D:3      | Reached skill level 1 in Poison Magic
  2395 | D:3      | Reached XP level 5. HP: 17/41 MP: 2/9
  2634 | D:3      | Found a shadowy altar of Dithmenos.
  2645 | D:3      | Noticed Sigmund
  2929 | D:3      | Reached XP level 6. HP: 36/47 MP: 1/11
  3125 | D:3      | Noticed Robin
  3161 | D:3      | Killed Robin
  3310 | D:3      | Killed Sigmund
  3536 | D:4      | Found Efohapi's Magic Scroll Boutique.
  3542 | D:4      | Bought a scroll of enchant armour for 97 gold pieces
  3679 | D:4      | Reached XP level 7. HP: 30/52 MP: 1/12
  3871 | D:4      | Slain by an iguana

Illustrated notes

Levels and vault maps discovered:
D:1:      roderic_chinese_lattice_arrival, layout_rooms, serial_glass,
          glass_columns_b, glass_columns_a
D:2:      layout_loops_ring, basic_altar
D:3:      layout_basic, nicolae_dithmenos_the_darkroom,
          cheibrodos_sewer_entry_drain, uniq_sigmund, uniq_robin
D:4:      layout_loops_corners, serial_shops, shop, kennysheep_diamond,
          minmay_misc_feat_room, minmay_misc_feat_enclosed

Skill      XL: |  1  2  3  4  5  6 |
---------------+-------------------+-----
Long Blades    | 1 2 |  2.3
Axes           | 1 2 |  2.3
Maces & Flails | 1 2 |  2.3
Polearms       | 1 2 |  2.3
Staves         | 1 2 |  2.3
Ranged Weapons | 1 2 |  2.3
Armour         | 1 2 |  2.3
Shields        | 1 2 |  2.3
Unarmed Combat | 1 2 |  2.3
Evocations     | 1 2 |  2.3
Fighting       | 3 |  3.5
Short Blades   | 3 |  3.5
Throwing       | 3 |  3.5
Dodging        | 3 |  3.5
Spellcasting   | 3 |  3.7
Conjurations   | 1 |  1.9
Hexes          | 1 |  1.9
Summonings     | 1 |  1.9
Necromancy     | 1 |  1.9
Translocations | 1 |  1.9
Transmutations | 1 |  1.9
Fire Magic     | 1 |  1.9
Ice Magic      | 1 |  1.9
Air Magic      | 4 |  4.2
Earth Magic    | 1 |  1.9
Poison Magic   | 1 |  1.9
Invocations    | 3 |  3.7
Stealth        | |  4.8

Action                   |  1- 3 |  4- 6 |  7- 9 || total
-------------------------+-------+-------+-------++-------
Melee: Short sword       |    60 |    33 |     3 ||    96
       Bite              |     4 |     5 |       ||     9
       Punch             |     2 |     1 |       ||     3
 Fire: Sling             |       |    25 |     1 ||    26
 Cast: Shock             |    79 |    84 |     7 ||   170
  Use: Scroll            |    10 |     3 |       ||    13
       Potion            |       |     1 |     1 ||     2
 Stab: Sleeping          |     2 |       |       ||     2
Armor: Robe              |    30 |    70 |       ||   100
Dodge: Dodged            |    63 |   131 |     3 ||   197

Table legend: (Time is in decaauts)
 A = Elapsed time spent in this place.
 B = Non-inter-level travel time spent in this place.
 C = Inter-level travel time spent in this place.
 D = Time resting spent in this place.
 E = Time spent auto-exploring this place.
 F = Levels seen in this place.
 G = Mean time per level.
                   A        B        C        D        E       F      G
               +--------+--------+--------+--------+--------+-----+--------+
         Total |   3880 |   3813 |     67 |    969 |   1552 |   5 |  776.0 |
       Dungeon |   3657 |   3590 |     67 |    908 |   1552 |   4 |  914.2 |
         Sewer |    223 |    223 |      0 |     61 |      0 |   1 |  223.0 |
               +--------+--------+--------+--------+--------+-----+--------+

Top non-repeatable levels by time:
     D:3: 1246 daAuts
     D:2: 1027 daAuts
     D:1: 941 daAuts
     D:4: 441 daAuts
   Sewer: 223 daAuts
